AoeStats
← Rotrex

Nomad

508235551Analyzed
4v4 RM · 9d ago on Sep 21, 2026· 51m 16s· 8 players
Game mode
Random Map
Map size
231×231
Population
200
Speed
Normal
Resources
Standard
Victory
Conquest
Starting age
Dark Age
Ending age
Imperial Age
RankedLock teamsTeams togetherTeam positionsShared explorationLock speedFull tech treeHidden civsTurbo modeCheats
Victory
Defeat
🇹🇼 Persians · Taiwan
1384
+13
🇹🇼 Spanish · Taiwan
1371
+13
🇹🇼 Mongols · Taiwan
1360
+14
1325
+15
🇪🇸 Italians · Spain
1385
-17
🇪🇸 Malay · Spain
1316
-14
🇨🇳 Turks · China
1275
-12
🇪🇸 Spanish · Spain
1269
-12
IkerJura23783
6:55 Loom
13:36 Feudal Age
15:02 Double-Bit Axe
20:31 Castle Age
20:05 Bloodlines
20:04 Gold Mining
22:03 Fletching
30:14 Padded Archer Armor
32:29 Husbandry
36:52 Leather Archer Armor
37:17 Horse Collar
42:31 Bow Saw
53:45 Imperial Age
Salkeliet
5:57 Loom
15:43 Feudal Age
20:29 Castle Age
23:05 Horse Collar
Rotrex
5:29 Loom
13:26 Feudal Age
16:18 Forging
19:13 Fletching
22:42 Double-Bit Axe
25:00 Castle Age
23:01 Stone Mining
27:30 Padded Archer Armor
28:03 Bodkin Arrow
30:43 Leather Archer Armor
31:11 Ballistics
33:29 Wheelbarrow
37:13 Gold Mining
38:22 Murder Holes
40:27 Stone Shaft Mining
43:26 Imperial Age
43:15 Bow Saw
45:14 Chemistry
44:20 Bracer
44:50 Ring Archer Armor
45:38 Conscription
47:59 Hand Cart
47:30 Town Watch
50:16 Pirotechnia
Provenza
4:44 Loom
14:31 Feudal Age
15:04 Town Watch
24:11 Castle Age
26:27 Double-Bit Axe
26:34 Fletching
27:24 Crossbowman
29:34 Bodkin Arrow
31:03 Padded Archer Armor
33:01 Ballistics
34:15 Bow Saw
35:52 Leather Archer Armor
40:18 Wheelbarrow
39:11 Elite Skirmisher
TW_藍帕德
8:12 Loom
13:07 Feudal Age
14:13 Double-Bit Axe
14:25 Gold Mining
18:20 Forging
20:16 Castle Age
18:26 Horse Collar
20:18 Fletching
20:47 Stone Mining
21:44 Medium Warships
23:36 Bloodlines
24:44 Bow Saw
26:54 Bodkin Arrow
27:02 Husbandry
28:19 Padded Archer Armor
29:36 Leather Archer Armor
31:01 Thumb Ring
32:33 Gold Shaft Mining
32:54 Wheelbarrow
33:16 Ballistics
33:32 Town Watch
34:48 Hand Cart
40:15 Imperial Age
40:14 Town Patrol
40:57 Stone Shaft Mining
40:25 Nomads
40:43 Scale Barding Armor
41:44 Bracer
42:46 Chemistry
42:07 Conscription
41:08 Elite Mangudai
42:09 Onager
43:24 Drill
44:55 Hoardings
45:40 Siege Onager
46:51 Chain Barding Armor
jimxhunter
5:02 Loom
12:47 Feudal Age
17:24 Castle Age
23:14 Bloodlines
23:04 Husbandry
27:59 Double-Bit Axe
30:52 Bloodlines
31:16 Padded Archer Armor
32:30 Bow Saw
36:02 Fletching
42:14 Imperial Age
39:57 Gold Mining
41:28 Wheelbarrow
45:43 Onager
49:38 Conscription
49:51 Light Cavalry
52:02 Chemistry
50:49 Capped Ram
第三屆打手槍冠軍
5:45 Loom
14:15 Feudal Age
15:51 Bloodlines
16:41 Horse Collar
22:39 Castle Age
21:27 Double-Bit Axe
22:53 Scale Barding Armor
30:23 Wheelbarrow
36:58 Bow Saw
38:22 Gold Mining
38:22 Stone Mining
42:05 Gold Shaft Mining
45:34 Imperial Age
46:33 Hand Cart
46:50 Heavy Cavalry Archer
47:56 Parthian Tactics
47:57 Thumb Ring
48:07 Fletching
48:18 Padded Archer Armor
50:20 Chemistry
49:41 Ballistics
50:26 Recurve Bow
曾大黑
12:56 Feudal Age
16:37 Castle Age
16:05 Forging
15:43 Double-Bit Axe
16:50 Gold Mining
17:29 Bow Saw
18:26 Iron Casting
19:14 Medium Warships
20:26 Wheelbarrow
22:33 Horse Collar
23:08 Loom
24:08 Fishing Lines
27:26 Gillnets
31:42 Imperial Age
29:19 Heavy Plow
30:14 Hand Cart
30:07 Scale Barding Armor
30:38 Stone Mining
31:45 Chain Barding Armor
32:23 Stone Shaft Mining
31:21 Cavalier
32:30 Husbandry
33:34 Plate Barding Armor
33:28 Bloodlines
33:59 Gold Shaft Mining
33:24 Savar
34:52 Iron Casting
34:06 Town Watch
36:38 Blast Furnace
37:16 Two-Man Saw
39:39 Coinage
40:54 Chemistry
40:49 Crop Rotation
41:46 Banking
41:57 Conscription
43:07 Town Patrol
47:31 Masonry
Connection lost

Rejoining the realm…

Still unreachable

The connection could not be restored.

Session expired

The server has moved on; the page needs a fresh start.